 Dungeon Crawl Stone Soup version 0.21.0 (webtiles) character file.

107 unrecovered the Magician (level 4, -2/24 HPs)
             Began as a Deep Elf Fire Elementalist on Jan 6, 2018.
             Slain by Ijyb
             ... wielding a +0 club
              (3 damage)
             ... on level 3 of the Dungeon.
             The game lasted 00:08:59 (2371 turns).

unrecovered the Magician (DEFE)                     Turns: 2371, Time: 00:09:00

Health: -2/24      AC:  2    Str:  2 (5)  XL:     4   Next: 57%
Magic:  4/14       EV: 12    Int: 20 (21) God:
Gold:   120        SH:  0    Dex: 12 (15) Spells: 7/16 levels left

rFire    . . .     SeeInvis .   g - +2 short sword (speed)
rCold    . . .     Gourm    .   (no shield)
rNeg     . . .     Faith    .   a - +0 robe
rPois    .         Spirit   .   (no helmet)
rElec    .         Reflect  .   (no cloak)
rCorr    .         Harm     .   (no gloves)
MR       .....                  (no boots)
Stlth    ++........             (no amulet)
HPRegen  0.08/turn              (no ring)
MPRegen  0.14/turn              (no ring)

@: no status effects
A: no striking features
a: no special abilities


You were on level 3 of the Dungeon.
You were not hungry.

You visited 1 branch of the dungeon, and saw 4 of its levels.

You collected 120 gold pieces.

Inventory:

Hand Weapons
 g - a +2 short sword of speed (weapon)
Armour
 a - a +0 robe (worn)
Wands
 m - a wand of flame (21)
Scrolls
 e - 3 scrolls of immolation {unknown}
 j - a scroll of teleportation {unknown}
 k - 2 scrolls of magic mapping {unknown}
Potions
 l - a potion of degeneration
Books
 b - a book of Flames

   Spells                             Type                      Level
   a - Flame Tongue                   Conjuration/Fire             1
   b - Throw Flame                    Conjuration/Fire             2
   c - Conjure Flame                  Conjuration/Fire             3
   d - Inner Flame                    Hexes/Fire                   3
   e - Sticky Flame                   Conjuration/Fire             4
   f - Fireball                       Conjuration/Fire             5
Comestibles
 c - 4 rations


   Skills:
 - Level 2.4 Dodging
 - Level 2.4 Stealth
 + Level 6.6 Spellcasting
 - Level 1.1 Conjurations
 - Level 3.2 Fire Magic


You had 7 spell levels left.
You knew the following spells:

 Your Spells              Type           Power        Failure   Level  Hunger
a - Flame Tongue          Conj/Fire      ###..        4%          1    None
b - Throw Flame           Conj/Fire      ###...       6%          2    None
c - Conjure Flame         Conj/Fire      ###.....     12%         3    #......
d - Inner Flame           Hex/Fire       ##......     16%         3    #......


Dungeon Overview and Level Annotations

Branches:
Dungeon (4/15)
 Temple: D:4-7

Altars:
Ashenzari

Shops:
D:4 ?

Annotations:
D:3 Ijyb; Marsh's ghost, amateur DgWn


Message History

Ijyb is severely wounded.
Ijyb zaps a wand.
You are blasted!
* * * LOW HITPOINT WARNING * * *
You closely miss Ijyb.
Ijyb is severely wounded.
You feel less wooden.
Your +0 robe unmelds from your body.
Ijyb barely misses you.
You closely miss Ijyb.
Ijyb is severely wounded.
Ijyb hits you but does no damage.
You barely miss Ijyb.
Ijyb is severely wounded.
You barely miss Ijyb.
Ijyb is severely wounded.
Ijyb hits you with a club.
* * * LOW HITPOINT WARNING * * *
You hit Ijyb but do no damage.
Ijyb is severely wounded.
Ijyb hits you with a club.
You die...

.####......###.#.#.#
.####.....g#.....#.#
.##..............#)#
............>..#)#.#
.##..#...#.###.#.#.#
.##..#...#.# #.#.#.#
.##..#...#.# #.#W#.#
.##..#...#.# #.#g#.#
.##..#...#.###.#@#.#
.##..#...#.....#.#.#
.##..#...#######.#.# .#
.# #...#######.#.# .#
+.........#.#.# .#
#...#####.#.#.###.#
#...# #.#.#[..#.# #
#...# #.#.###.#.#
#...#########.#.###.#.##


You could see Ijyb and Marsh's ghost.

Vanquished Creatures
  A bullfrog skeleton (D:4)
  2 gnolls (D:1)
  An adder (D:2)
  2 dart slugs
  3 leopard geckos
  A ball python (D:1)
  2 giant cockroaches (D:1)
  6 hobgoblins
  7 bats
  A frilled lizard (D:1)
  6 goblins
  8 kobolds
  5 rats (D:1)
45 creatures vanquished.

Notes
Turn   | Place    | Note
-------+----------+-------------------------------------------
     0 | D:1      | unrecovered the Deep Elf Fire Elementalist began the quest for the Orb.
     0 | D:1      | Reached XP level 1. HP: 10/10 MP: 6/6
   163 | D:1      | Reached skill level 4 in Spellcasting
   163 | D:1      | Reached XP level 2. HP: 15/15 MP: 3/9
   225 | D:1      | Learned a level 2 spell: Throw Flame
   585 | D:1      | Reached XP level 3. HP: 9/19 MP: 3/11
   723 | D:1      | Reached skill level 5 in Spellcasting
   909 | D:1      | Learned a level 3 spell: Conjure Flame
   913 | D:1      | Learned a level 3 spell: Inner Flame
  1513 | D:2      | Reached XP level 4. HP: 24/24 MP: 6/13
  1569 | D:2      | Found a shattered altar of Ashenzari.
  1742 | D:2      | Reached skill level 6 in Spellcasting
  2101 | D:3      | Noticed Ijyb
  2243 | D:3      | Noticed Marsh's ghost (amateur DgWn)
  2270 | D:4      | Found Xoixkagg's Magic Scroll Shop.
  2307 | D:3      | Gained mutation: Scrolls take you a little longer to read. [potion of mutation]
  2307 | D:3      | Lost mutation: Scrolls take you a little longer to read. [potion of mutation]
  2370 | D:3      | HP: 1/24 [Ijyb/club (1)]
  2371 | D:3      | Slain by Ijyb

Skill      XL: |  1  2  3  4 |
---------------+-------------+-----
Spellcasting   | 4 5 6 |  6.6
Dodging        | |  2.4
Stealth        | |  2.4
Conjurations   | |  1.1
Fire Magic     | |  3.2

Action                   |  1- 3 |  4- 6 || total
-------------------------+-------+-------++-------
Melee: Unarmed           |     4 |       ||     4
       Dagger            |     1 |       ||     1
       Short sword       |       |    58 ||    58
 Cast: Flame Tongue      |    27 |     1 ||    28
       Throw Flame       |    29 |    21 ||    50
       Conjure Flame     |       |     1 ||     1
Evoke: Wand              |       |     1 ||     1
  Use: Potion            |     1 |     4 ||     5
  Eat: Chunk             |     2 |     2 ||     4
Armor: Robe              |     4 |     2 ||     6
       Skin              |     4 |    38 ||    42
Dodge: Dodged            |     8 |     5 ||    13
